 Dungeon Crawl Stone Soup version 0.30-a0-862-g1aabd4f9c5 (webtiles) character file.

Game seed: 17398069219754249899

47 Hubjo the Grave Robber (level 3, -3/25 (27) HPs)
             Began as a Demonspawn Necromancer on Mar 8, 2023.
             Was a High Priest of Ignis.
             Slain by a worm (7 damage)
             ... on level 2 of the Dungeon.
             The game lasted 00:02:44 (1038 turns).

Hubjo the Grave Robber (Demonspawn Necromancer)     Turns: 1038, Time: 00:02:45

HP:   -3/25 (27)    AC:  2    Str:  8    XL:     3   Next: 48%
MP:   5/6           EV: 12    Int: 18    God:    Ignis [*****.]
Gold: 91            SH:  0    Dex: 13    Spells: 5/6 levels left

rFire   + . .      SeeInvis .    c - +2 short sword (speed)
rCold   . . .      Faith    .    (no shield)
rNeg    . . .      Spirit   .    a - +0 robe
rPois   .          Reflect  .    (no helmet)
rElec   .          Rampage  .    (no cloak)
rCorr   .          Rage     3%   (no gloves)
Will    .....                    (no boots)
Stlth   ++                       (no amulet)
HPRegen 0.24/turn                (no ring)
MPRegen 0.20/turn                (no ring)

@: lethally poisoned (-3 -> -4), drained
A: magic regeneration, berserk 1
a: Renounce Religion, Fiery Armour, Foxfire Swarm, Rising Flame


You were on level 2 of the Dungeon.
You worshipped Ignis.
Ignis was extremely pleased with you.
You visited 1 branch of the dungeon, and saw 2 of its levels.

You collected 91 gold pieces.

Inventory:

Hand Weapons
 c - a +2 short sword of speed (weapon)
 d - a +4 short sword
Armour
 a - a +0 robe (worn)
Potions
 b - a potion of magic


   Skills:
 + Level 1.8 Fighting
 - Level 1.7 Dodging
 + Level 2.3 Stealth
 + Level 2.3 Spellcasting
 + Level 4.7 Necromancy


You had 5 spell levels left.
You knew the following spells:

 Your Spells              Type           Power      Damage    Failure   Level
a - Necrotise             Necr           76%        1d7       2%          1

Your spell library contained the following spells:

 Spells                   Type           Power      Damage    Failure   Level
 Sublimation of Blood     Necr           19%        N/A       3%          2
 Vampiric Draining        Necr           19%        2d7       8%          3
 Wereblood                Tmut           2%         N/A       26%         2
 Animate Dead             Necr           19%        N/A       26%         4
 Portal Projectile        Hex/Tloc       4%         N/A       45%         3
 Tukima's Dance           Hex            2%         N/A       45%         3
 Agony                    Necr           19%        N/A       56%         5
 Blade Hands              Tmut           1%         N/A       99%         5
 Summon Hydra             Summ           1%         N/A       100%        7


Dungeon Overview and Level Annotations

Branches:
Dungeon (2/15)

Altars:
Ignis


Innate Abilities, Weirdness & Mutations

You regenerate magic rapidly.
You sometimes lose your temper in combat.


Message History

The adder bites you but does no damage. The worm bites you.
You hit the adder.
The adder is lightly wounded.
You feel sick. The kobold hits you but does no damage. The adder bites you.
You miss the adder.
The adder is lightly wounded.
The kobold barely misses you.
You hit the adder.
The adder is heavily wounded.
You feel sick. The adder closely misses you. The worm closely misses you.
You hit the adder.
You kill the adder!
The kobold hits you with a +0 short sword.
You hit the worm.
The worm is moderately wounded.
You feel sick. The kobold misses you.
The kobold hits you with a +1 dagger of draining.
You feel drained.
You are too injured to fight recklessly!
You are too injured to fight recklessly!
You are too injured to fight recklessly!
You are too injured to fight recklessly!
You are too injured to fight recklessly!
You are too injured to fight recklessly!
You are too injured to fight recklessly!
Casting: Necrotise (safe; 2% risk of failure)
Confirm with . or Enter, or press ? or * to list all spells.
Aiming: Necrotise (safe; 2% risk of failure)
Press: ? - help, Shift-Dir - straight line, f - kobold
Aim: a kobold, wielding a +1 dagger of draining and quivering stones (chance to affect: 89%)
The kobold writhes in agony.
You feel sick. The worm bites you.
The kobold hits you with a +0 short sword.
The kobold hits you with a +1 dagger of draining.
* * * LOW HITPOINT WARNING * * *
You feel drained.
* * * LOW HITPOINT WARNING * * *
It was a potion of mutation.
You feel extremely strange.
You feel a little pissed off.
You feel sick. The worm bites you!
You die...

##.............
#..............
+..............
#..............
#..............
#..............
#.....KwK......
#......@....#
#######.....#
#<....# #.....#
#.:...# #.....#
#.....# #.....#
#.....#


You could see a worm and 2 kobolds.

Vanquished Creatures
  An adder (D:2)
  An endoplasm (D:1)
  2 giant cockroaches (D:1)
  5 goblins
  7 hobgoblins (D:1)
  3 quokkas (D:1)
  A ball python (D:1)
  2 bats (D:1)
  3 frilled lizards (D:1)
  5 kobolds (D:1)
  4 rats (D:1)
34 creatures vanquished.

Vanquished Creatures (collateral kills)
  A ball python (D:1)
1 creature vanquished.

Vanquished Creatures (others)
  2 plants (D:1)
2 creatures vanquished.

Grand Total: 37 creatures vanquished

Notes
Turn   | Place    | Note
-------+----------+-------------------------------------------
     0 | D:1      | Hubjo the Demonspawn Necromancer began the quest for the
                  | Orb.
     0 | D:1      | Reached XP level 1. HP: 13/13 MP: 3/3
    61 | D:1      | Found a faded altar of an unknown god.
    76 | D:1      | Prayed at the altar of an unknown god.
    76 | D:1      | Became a worshipper of Ignis, the Dying Flame
   222 | D:1      | Gained mutation: You regenerate magic rapidly. [demonic
                  | ancestry]
   222 | D:1      | Reached XP level 2. HP: 20/20 MP: 5/5
   274 | D:1      | Reached skill level 1 in Fighting
   646 | D:1      | Reached XP level 3. HP: 25/26 MP: 6/6
  1038 | D:2      | Gained mutation: You sometimes lose your temper in combat.
                  | [potion of mutation]
  1038 | D:2      | Slain by a worm

Illustrated notes

Levels and vault maps discovered:
D:1:      shiori_arrival_oz, layout_loops_ring, serial_forest,
          infiniplex_forest_fountain, infiniplex_forest_straight_5,
          infiniplex_forest_lined_room_2, infiniplex_forest_straight_4,
          infiniplex_forest_lined_1, infiniplex_forest_corner_1,
          infiniplex_forest_lined_room_2, infiniplex_forest_clump_diagonal,
          ebering_ecumenical_altar_petrified, minmay_ruptured
D:2:      minmay_general_purpose_star, layout_basic

Skill      XL: |  1  2 |
---------------+-------+-----
Stealth        | 2 |  2.3
Fighting       | 1 |  1.8
Dodging        | |  1.7
Spellcasting   | |  2.3
Necromancy     | |  4.7

Action                     || total
---------------------------++-------
  Melee: Short sword       ||   102
         Unarmed           ||     2
         Punch             ||     1
   Cast: Necrotise         ||    16
    Use: Scroll            ||     2
         Potion            ||     1
   Stab: Sleeping          ||     3
 Armour: Robe              ||    10
  Dodge: Dodged            ||    66

Table legend: (Time is in decaauts)
 A = Elapsed time spent in this place.
 B = Non-inter-level travel time spent in this place.
 C = Inter-level travel time spent in this place.
 D = Time resting spent in this place.
 E = Time spent auto-exploring this place.
 F = Levels seen in this place.
 G = Mean time per level.
                   A        B        C        D        E       F      G
               +--------+--------+--------+--------+--------+-----+--------+
         Total |    999 |    988 |     11 |      0 |    800 |   2 |  499.5 |
       Dungeon |    999 |    988 |     11 |      0 |    800 |   2 |  499.5 |
               +--------+--------+--------+--------+--------+-----+--------+

Top non-repeatable levels by time:
     D:1: 987 daAuts
     D:2: 11 daAuts
